[Event "57th Biel Festival MTO 2024"]
[White "Sokolovsky,Yahli"]
[Black "Aryan Chopra"]
[Site "Biel"]
[Round "6.2"]
[Annotator "TA"]
[Result "0-1"]
[Date "2024.07.20"]
[WhiteElo "2492"]
[BlackElo "2631"]
[PlyCount "78"]
[TimeControl "60"]

1. e4 e6 2. d4 d5 3. e5 c5 4. c3 Nc6 5. Nf3 Qb6 6. Bd3 cxd4 7. O-O Bd7 8. Re1 Nge7 9. h4 {[%emt 0:0:15] Black has an edge.} a6 10. Nbd2 dxc3 11. bxc3 Ng6 12. Nb3 Qc7 13. Qe2 f6 14. exf6 gxf6 15. Rb1 Bd6 16. Nbd4 Nce5 17. Bh6 Nxd3 (17... Qxc3 $6 18. Rb3 Qc7 19. h5 $16 )18. Qxd3 Ne5 (18... e5 $15 19. Nf5 O-O-O )19. Nxe5 $2 {[%emt 0:13:30] This move loses the game for White.} (19. Qe2 $11 {and White has nothing to worry.} Rg8 (19... Qxc3 $2 20. Nxe5 Bxe5 21. Qh5+ Ke7 22. Nf3 $18 )20. Nxe5 Bxe5 (20... fxe5 21. Qh5+ Rg6 22. Bf4 $14 )21. Qh5+ Ke7 22. Bc1 )fxe5 $19 20. Bg5 O-O 21. Nc2 e4 $1 22. Qd2 b5 23. Ne3 Bh2+ 24. Kh1 {[%emt 0:1:20] Threatens to win with g3.} Bf4 25. g3 Be5 26. Ng4 {[%emt 0:2:51] [#]} Bg7 $1 (26... Qxc3 27. Nxe5 Qxe5 28. Bf4 $17 )(26... Bxc3 27. Rec1 Rac8 28. Qd1 $15 )27. Rbc1 Be8 28. Bf4 Qe7 29. Bg5 Qb7 30. Be3 Bh5 31. Nh2 {[%emt 0:0:5] White is weak on the light squares} Qf7 32. Kg1 Qf5 33. Kg2 {[%emt 0:1:24] Repels Qh3+} Rf7 34. a4 bxa4 35. Qa2 Rc8 36. Qxa4 (36. Bd4 $142 e5 37. Be3 )Rc4 ({Not} 36... Rxc3 37. Rxc3 Bxc3 38. Rc1 $17 )(36... Bxc3 $2 37. Qxa6 Rfc7 38. Rg1 $19 )37. Qxa6 Bf3+ {[%emt 0:0:24] Black mates.} (37... Rxc3 $2 38. Rxc3 Bxc3 39. Qc8+ Rf8 40. Qxc3 $18 )38. Nxf3 exf3+ 39. Kh2 {[%emt 0:0:13] [#]} Rxh4+ $3 {[%emt 0:0:18][%mdl 512] Weighted Error Value: White=0.63/Black=0.10 (very precise) .  Mistake:       	White=2     	Black=1      Inaccurate:     	White=5     	Black=2      OK:         	White=10    	Black=17} 0-1

[Event "57th Biel Festival MTO 2024"]
[White "Sasikiran,Krishnan"]
[Black "Jumabayev,Rinat"]
[Site "Biel"]
[Round "6.3"]
[Annotator "TA"]
[Result "1/2-1/2"]
[Date "2024.07.20"]
[WhiteElo "2581"]
[BlackElo "2575"]
[PlyCount "30"]
[TimeControl "60"]

1. d4 Nf6 2. c4 e6 3. Nc3 Bb4 4. a3 Bxc3+ 5. bxc3 Nc6 6. f3 b6 7. e4 d6 8. Bd3 {[%emt 0:17:13] The position is equal.} Na5 9. f4 Bb7 10. Qe2 Nb3 11. Rb1 Nxc1 12. Rxc1 {[%emt 0:0:2] [#]} e5 $1 13. fxe5 dxe5 14. Nf3 Nd7 15. O-O ({But not} 15. Nxe5 Nxe5 16. dxe5 Qg5 $17 )Qe7 {[%emt 0:8:8] An uneventful encounter.   Weighted Error Value: White=0.03 (flawless) /Black=0.03 (flawless) .  OK:         	White=8     	Black=5} 1/2-1/2

[Event "57th Biel Festival MTO 2024"]
[White "Harsha Bharathakoti"]
[Black "Madaminov,Mukhiddin"]
[Site "Biel"]
[Round "6.4"]
[Annotator "TA"]
[Result "1/2-1/2"]
[Date "2024.07.20"]
[WhiteElo "2569"]
[BlackElo "2517"]
[PlyCount "99"]
[TimeControl "60"]

1. d4 Nf6 2. c4 e6 3. Nf3 d5 4. Nc3 c5 5. cxd5 cxd4 6. Qxd4 exd5 7. e4 dxe4 8. Qxd8+ Kxd8 9. Ng5 {[%emt 0:0:6][%csl LRe4,LRf7] White is slightly better.} Be6 10. a3 {[%emt 0:1:3][%cal Og2g3] Repels Bb4} Nbd7 11. Ncxe4 Nxe4 12. Nxe4 Rc8 13. Be3 a6 14. Be2 Bd5 15. Bf3 Bc6 16. O-O ({White should try} 16. Rd1 $14 )Ne5 $11 17. Bb6+ Kd7 {[%emt 0:0:0] [#]} (17... Ke8 18. Rfe1 Be7 (18... Nxf3+ 19. gxf3 Bxe4 20. Rxe4+ Kd7 21. Rd1+ Bd6 22. Bd4 $14 )19. Bg4 $16 )(17... Ke7 $11 {remains equal.} )18. Rfe1 (18. Rad1+ $1 $16 Ke6 19. Ng5+ Kf6 20. Be2 )Nxf3+ 19. gxf3 {[%emt 0:0:3] Rad1+ would now be deadly.} Bxe4 20. Rxe4 Bd6 21. Rd1 Rhe8 22. Rh4 h6 23. Bd4 f6 24. Bc3 Rc6 25. Rg4 Re7 26. h3 Ke8 27. Rd3 Kf7 28. Re4 h5 29. Kf1 Bc7 30. Rd5 g6 31. Bb4 Rxe4 32. fxe4 $15 {[%emt 0:0:3][%mdl 4096] Endgame. KRB-KRB} Ke6 $1 {[%emt 0:0:4] Prevents Rd7.} 33. Rd2 (33. Kg2 $15 {deserves consideration.} )a5 (33... g5 $17 34. Kg2 Be5 )34. Bc3 Be5 ({Black should play} 34... Rc4 $17 35. f3 Rc5 )35. Bxa5 $11 Rc1+ 36. Ke2 g5 37. Bb4 h4 {[%emt 0:2:35][%mdl 1024] Black has compensation.} 38. Kf3 Rg1 {[%emt 0:0:28][%cal Og5g4] [#] Strongly threatening ...g4+!} 39. Ke2 g4 40. Rd3 Rh1 41. hxg4 h3 42. Bd2 h2 43. Rh3 $1 Rg1 ({Reject} 43... Bxb2 44. Bf4 $14 )44. f4 {[%emt 0:0:3] The position is equal.} h1=Q ({Not} 44... h1=B 45. fxe5 Bxe4 46. exf6 $16 )45. Rxh1 Rxh1 46. fxe5 Kxe5 47. Bc3+ Kxe4 48. Bxf6 Rh2+ 49. Kd1 Kd3 50. Ke1 $1 {[%emt 0:0:4] Weighted Error Value: White=0.14 (very precise) /Black=0.13 (very precise) .  Mistake:       	White=3     	Black=3      Inaccurate:     	White=2     	Black=4      OK:         	White=15    	Black=17     Best:        	White=4     	Black=2      Strong:       	White=2     	Black=1} 1/2-1/2

[Event "57th Biel Festival MTO 2024"]
[White "Koustav Chatterjee"]
[Black "Sethuraman,S.P."]
[Site "Biel"]
[Round "6.5"]
[Annotator "TA"]
[Result "1/2-1/2"]
[Date "2024.07.20"]
[WhiteElo "2525"]
[BlackElo "2587"]
[PlyCount "93"]
[TimeControl "60"]

1. d4 Nf6 2. c4 d6 3. Nf3 g6 4. Nc3 Bf5 5. Qb3 Qc8 6. g3 Bg7 7. Bg2 Nc6 8. d5 {[%emt 0:7:13] White has an edge.} Nd8 9. O-O Bh3 10. e4 Bxg2 11. Kxg2 O-O 12. h3 Nd7 13. Be3 c5 14. Qc2 e5 15. Ne1 {[%emt 0:12:32] White has more active pieces.} f6 16. Nd3 Nf7 17. Rae1 Re8 18. f4 (18. b3 $16 )exf4 $1 $11 19. gxf4 Nb6 (19... a6 $11 )20. b3 $16 f5 {[%emt 0:0:5] [#]} (20... Nd7 $142 )21. e5 dxe5 $11 22. fxe5 Nxe5 23. Nxc5 (23. Bxc5 {is more complex.} Nbd7 24. Bd4 Qd8 25. Re3 )Nexc4 $1 24. bxc4 Rxe3 25. Rxe3 Qxc5 26. Qe2 Rf8 27. Rff3 Nxc4 28. Re7 f4 29. Qe6+ (29. Rxb7 $2 Ne3+ 30. Kh1 Qxc3 $19 (30... Bxc3 $2 31. Rb5 $19 ))Kh8 {[%emt 0:0:3] [#] Strongly threatening ...Ne3+.} 30. Ne4 (30. Rxb7 $2 Ne3+ 31. Rxe3 fxe3 $19 )Ne3+ 31. Kh2 {[%emt 0:0:4] Chess con chili.} Qxd5 (31... Qb5 $11 {remains equal.} )32. Qxd5 $16 Nxd5 33. Rd7 (33. Rxb7 $16 Ne3 34. Ng5 (34. Rxa7 Rb8 $14 ))Ne3 $14 34. Ng5 $1 (34. Rxb7 Rc8 $11 )Rf5 35. Ne6 (35. Rxb7 $16 Kg8 36. Rb8+ Rf8 (36... Bf8 $2 37. Ne6 $18 )37. Rxf8+ Bxf8 38. Ne6 (38. Rxf4 $2 Bd6 $19 ))Bf6 $11 36. Rxb7 {[%emt 0:0:21] Threatening mate with Rb8+.} (36. Nxf4 $2 {perishes.} Be5 37. Rxb7 (37. Kg3 $2 g5 $19 )Bxf4+ $19 (37... Rxf4 $2 38. Rxf4 Bxf4+ 39. Kg1 $19 ))Kg8 37. Rxa7 (37. Rxf4 $2 {is the wrong capture.} Be5 38. Kh1 Bxf4 $19 )g5 38. Rf2 Rd5 39. Rb7 Rd1 40. Rb5 h6 41. Nxf4 gxf4 42. Rxf4 Kg7 43. Rb7+ Kg6 {[%emt 0:0:47] ...Be5 would now be deadly.} 44. Rb6 $1 Rd2+ 45. Kh1 Rd1+ 46. Kh2 Rd2+ 47. Kh1 {[%emt 0:0:4] Weighted Error Value: White=0.16 (very precise) /Black=0.13 (very precise) .  Mistake:       	White=4     	Black=3      Inaccurate:     	White=2     	Black=2      OK:         	White=12    	Black=9      Best:        	White=3     	Black=5      Strong:       	White=2     	Black=2} 1/2-1/2

[Event "57th Biel Festival MTO 2024"]
[White "Nesterov,Arseniy"]
[Black "Holzke,Frank"]
[Site "Biel"]
[Round "6.6"]
[Annotator "TA"]
[Result "1-0"]
[Date "2024.07.20"]
[WhiteElo "2609"]
[BlackElo "2450"]
[PlyCount "105"]
[TimeControl "60"]

1. d4 Nf6 2. c4 g6 3. Nc3 d5 4. cxd5 Nxd5 5. e4 Nxc3 6. bxc3 Bg7 7. Bc4 c5 8. Ne2 Nc6 9. Be3 O-O 10. h4 cxd4 11. cxd4 Qa5+ 12. Kf1 Qa3 {[%emt 0:0:20] D87: Exchange Grünfeld: Classical Line: Variations without ...cxd4.} 13. h5 Rd8 14. Rb1 Bg4 15. hxg6 hxg6 16. d5 Rac8 $146 ({Predecessor:} 16... Ne5 17. Bb3 Rac8 18. f3 Nxf3 19. gxf3 Bxf3 20. Rh4 Rc3 21. Bd4 Bxe2+ 22. Kxe2 Qa6+ {0-1 Sirosh,I (2400)-Gallo Garcia,K (2328) Titled Tuesday intern op 12th Jan blitz 2021 (7)} )17. Bb3 Na5 18. f3 Bd7 $1 19. Qd2 Nxb3 20. Rxb3 Qa6 21. Kf2 Ba4 22. Rc3 Rxc3 23. Nxc3 Qc4 ({Black should try} 23... Rc8 $11 24. Bd4 f6 )24. Rc1 $14 f5 25. Ne2 (25. Bxa7 $6 fxe4 26. Nxe4 Qxd5 27. Qxd5+ Rxd5 $11 )Qa6 26. exf5 gxf5 27. Nf4 Qb5 (27... Bd7 $1 $11 )28. Rc5 Qb2 $1 29. Qxb2 $1 Bxb2 30. Ne6 Rd6 $1 31. Rc8+ Kf7 32. Rf8+ (32. Bxa7 Rxd5 33. Nd8+ Kf6 $11 )Kg6 33. Ra8 Kf7 34. Rxa7 b5 $1 35. Bg5 Kg6 (35... Rxd5 $14 36. Rxe7+ Kg8 )36. Rxe7 $16 ({Inferior is} 36. Bxe7 Rxe6 (36... Rxd5 $2 {loses.} 37. Nf4+ Kg7 38. Bc5+ Kg8 39. Nxd5 $18 )37. Rxa4 (37. dxe6 $2 {is the wrong capture.} Bd4+ 38. Ke2 Bxa7 $19 )Rxe7 $19 )Bf6 37. Bxf6 Kxf6 38. Re8 b4 $2 {[%emt 0:6:11] [#]} (38... Rxd5 $16 39. Nf4 Rc5 )39. Rd8 (39. Nc7 $1 $18 )Ke5 $16 40. Rxd6 Kxd6 41. Nf4 b3 42. axb3 Bxb3 {[%emt 0:0:0] [#]} 43. Ke3 (43. Kg3 $1 $16 Ke5 44. d6 Kxd6 45. Kh2 )Ke5 $1 $14 44. Ng6+ Kxd5 45. Kf4 Ke6 46. Nh4 Bc2 47. Kg5 Bd3 48. f4 Be4 49. g3 Bd3 $1 50. Nf3 Kd5 $1 51. Kf6 (51. Kg6 $5 )Ke4 52. Nh4 Bf1 $1 53. Kg5 (53. Nxf5 $5 Kf3 $8 54. Kg6 $11 )1-0

[Event "57th Biel Festival MTO 2024"]
[White "Ganguly,Surya Shekhar"]
[Black "Gan-Erdene,Sugar"]
[Site "Biel"]
[Round "6.7"]
[Annotator "TA"]
[Result "0-1"]
[Date "2024.07.20"]
[WhiteElo "2575"]
[BlackElo "2424"]
[PlyCount "68"]
[TimeControl "60"]

1. c4 c5 2. Nf3 Nc6 3. d4 cxd4 4. Nxd4 Nf6 5. Nc3 Qb6 6. Be3 Ng4 $1 7. Nd5 (7. Nc2 $11 Nxe3 (7... Qxb2 8. Bd2 $15 )8. Nxe3 )Nxe3 $1 $17 (7... Qxb2 8. Rb1 Nxe3 (8... Qxa2 9. Nxc6 bxc6 10. Nc7+ Kd8 11. Nxa8 $16 )9. fxe3 $16 (9. Rxb2 $2 Nxd1 10. Kxd1 Kd8 $19 ))8. Nxb6 {[%emt 0:0:32] Black is better.} Nxd1 9. Nxa8 Nxb2 10. e3 e5 {[%emt 0:8:44][%mdl 1024] Black has compensation.} 11. Nc2 (11. Nb5 $17 )Kd8 $19 12. a4 e4 13. a5 {[%emt 0:3:41] [#]} Nd3+ $1 14. Kd2 (14. Bxd3 $17 {might work better.} exd3 15. Nd4 )Nxf2 15. Rg1 Ng4 16. Be2 Nge5 17. Rgb1 Bc5 18. Kc3 d6 19. Nd4 Re8 20. Nb5 (20. Rb5 {is a better defense.} )Re6 (20... Bxe3 21. Nac7 Rf8 22. a6 $19 )21. Nac7 Rg6 22. a6 bxa6 23. Nxa6 Bxe3 {[%emt 0:2:15] A strong pair of Bishops.} (23... Rxg2 24. Bf1 Rxh2 25. Nxc5 dxc5 26. Rd1+ Ke7 27. Rd5 $15 )24. Rd1 Bxa6 25. Rxa6 Bc5 26. g4 Kd7 {[%emt 0:0:58][%cal Og6h6] Threatens to win with ...Rh6!} 27. h4 Rf6 {[%emt 0:1:2] ...Rf2 is the strong threat.} 28. Ra2 h6 (28... Rf4 29. Nxd6 Ke7 (29... Bxd6 30. c5 $15 )(29... Bb4+ 30. Kb3 $15 )30. Nf5+ Kf8 31. Rb2 $11 )29. g5 hxg5 30. hxg5 Rg6 31. Bf1 (31. Kb3 {was the only defense.} )Rxg5 32. Nxd6 (32. Rg2 $142 Rxg2 (32... Ng4 $2 33. Be2 $19 )33. Bxg2 )Rg3+ {[%emt 0:0:48] Black is clearly winning.} 33. Kb2 Bxd6 34. c5 Nd3+ {[%emt 0:0:12] Weighted Error Value: White=0.52/Black=0.11 (very precise) .  Loses game:     	White=1     	---        Mistake:       	White=5     	---        Inaccurate:     	---       	Black=1      OK:         	White=8     	Black=16     Best:        	---       	Black=1      Strong:       	---       	Black=3} 0-1

[Event "57th Biel Festival MTO 2024"]
[White "Gavrilescu,David"]
[Black "Juksta,Karolis"]
[Site "Biel"]
[Round "6.8"]
[Annotator "TA"]
[Result "1-0"]
[Date "2024.07.20"]
[WhiteElo "2538"]
[BlackElo "2400"]
[PlyCount "83"]
[TimeControl "60"]

1. e4 e5 2. Nf3 Nf6 3. d4 Nxe4 4. dxe5 d5 5. Nbd2 Nxd2 6. Bxd2 Be7 7. Bd3 c5 8. c3 {[%emt 0:3:0] Die Stellung ist ausgeglichen.} Nc6 9. h3 {[%emt 0:3:1] Gegen Bg4 gerichtet.} Be6 10. Qe2 h6 11. Rd1 Qd7 12. a3 O-O 13. O-O Bf5 14. c4 {[%emt 0:6:39] [#] Und jetzt cxd5 wäre schön.} d4 15. Ne1 f6 16. f4 Rae8 17. Qh5 Bxd3 18. Nxd3 f5 (18... fxe5 $11 19. fxe5 Qe6 )19. Qf3 $14 Qe6 {[%emt 0:2:45] Weiß verwandelt nun seinen Vorteil.} 20. Qd5 Kf7 21. Nxc5 {[%emt 0:2:24] Weiß steht aktiver.} Qxd5 22. cxd5 Bxc5 23. dxc6 bxc6 24. Rc1 Bb6 25. Rxc6 d3+ (25... Re6 $16 {war einen Versuch wert.} 26. Rcc1 Kg8 )26. Kh2 $18 Rc8 27. Rfc1 Rxc6 28. Rxc6 {[%emt 0:0:2][%mdl 4096] Endspiel. KRB-KRB} Rd8 29. Kg3 Rd4 30. Kf3 Re4 31. Rd6 Bd4 32. g4 g6 33. b4 Re2 34. Rxd4 Rxd2 35. gxf5 gxf5 {[%emt 0:0:2] KR-KR} 36. Rd7+ Kg6 $2 {[%emt 0:1:26] [#]} (36... Ke8 37. Rd6 (37. Rxa7 Rh2 $18 )Rh2 )37. Rxa7 {[%emt 0:2:14] Weiß steht klar auf Gewinn.} Rh2 38. Kg3 (38. Ke3 d2 39. Rd7 Rxh3+ 40. Kxd2 Rxa3 41. Rd6+ Kf7 42. Rf6+ (42. Rxh6 Rb3 $16 )Ke8 $18 )Ra2 39. Kh4 Rf2 40. Ra6+ Kg7 41. Rd6 Rxf4+ 42. Kg3 {[%emt 0:0:0] Gewichteter Fehlerwert: Weiß=0.07 (makellos) /Schwarz=0.25 (präzise) .  Fehler:       	---       	Schwarz=3     Ungenau:       	Weiß=2     	Schwarz=4     OK:         	Weiß=20    	Schwarz=11    Bester:       	Weiß=2     	Schwarz=1} 1-0

[Event "57th Biel Festival MTO 2024"]
[White "Petkidis,Anthony"]
[Black "Kobo,Ori"]
[Site "Biel"]
[Round "6.9"]
[Annotator "TA"]
[Result "1-0"]
[Date "2024.07.20"]
[WhiteElo "2427"]
[BlackElo "2529"]
[PlyCount "120"]
[TimeControl "60"]

1. e4 e6 2. d4 d5 3. e5 c5 4. c3 Qa5 5. a3 Bd7 6. Nf3 {[%emt 0:2:47] C02: French: Advance Variation.} Nc6 7. dxc5 Qc7 8. Bf4 Bxc5 9. b4 Be7 $146 ({Predecessor:} 9... Bb6 10. Bd3 Nge7 11. Qe2 Ng6 12. Bg3 O-O 13. O-O Rac8 14. Nbd2 Qb8 15. Rfe1 Bc7 {0-1 Novikov,M (2435)-Shubin,K (2440) RUS-ch Rapid 2023 (11)} )10. Bd3 g5 11. Nxg5 Nxe5 12. O-O Nf6 13. Nf3 Nfg4 14. Nxe5 Nxe5 15. Re1 Bd6 16. Bf1 Nf3+ 17. Qxf3 Bxf4 18. g3 Be5 19. Qh5 Bg7 20. Qxd5 O-O-O 21. Qh5 Ba4 22. Ra2 Kb8 23. Rd2 Rxd2 24. Nxd2 Qxc3 25. Nf3 Rc8 26. Re3 (26. Qxf7 $2 Rf8 (26... Qxa3 $2 27. Qxg7 Ka8 28. Qxh7 $18 )27. Qxe6 Qxf3 $19 (27... Rxf3 $2 28. Qd6+ Qc7 29. Qxc7+ Kxc7 30. Re7+ Kb6 31. Rxg7 $18 ))(26. Qxh7 $2 Qxf3 27. Bg2 (27. Qxg7 Bc6 28. Qe5+ Ka8 )Qg4 $19 (27... Qxa3 28. Qxg7 Qxb4 29. Ra1 $16 )(27... Qc3 $2 28. Qe4 $19 ))Qf6 27. Qa5 Be8 28. b5 Bf8 29. Kg2 Bc5 30. Rb3 Qe7 31. Bd3 f6 32. a4 Bf7 33. Qe1 h5 34. a5 Qd7 35. Be4 e5 36. Rb1 Ba2 37. Rb2 Be6 38. Qe2 (38. a6 $5 )Bh3+ 39. Kh1 $1 Ba3 (39... Qg4 $5 40. Rc2 Bf1 41. Qxf1 Qxe4 $15 )40. Rc2 Rxc2 41. Bxc2 Bg4 42. a6 Qc7 43. Qe4 Bc5 44. Kg2 bxa6 45. bxa6 Bc8 46. Bd3 Bb6 47. Qe2 Bg4 48. h3 Bc8 49. Nh4 (49. h4 {simplifies} Bg4 50. Qc2 Qxc2 51. Bxc2 Kc7 52. Nd2 )Qc5 50. Qf3 Qa3 (50... e4 $11 51. Bxe4 Bxa6 52. Qxf6 Bb7 53. Bxb7 Kxb7 )51. Qe2 (51. Nf5 $1 $16 )Bd7 52. Qf3 ({White should play} 52. Qe4 $11 Bc8 53. Qf3 )Bc8 $1 $16 {[%emt 0:0:14] [#]} 53. Qe2 (53. Nf5 $1 $16 )Qc3 ({Black should try} 53... Qc5 $11 )54. Nf5 (54. Bf5 $1 $14 )Bxf5 (54... Qc6+ $1 $11 {keeps the balance.} 55. Qf3 Qxf3+ 56. Kxf3 Be6 )55. Bxf5 $16 h4 (55... Qd4 $16 {was necessary.} 56. h4 (56. Qxh5 $2 {gets mated.} Qxf2+ 57. Kh1 Qg1# )Kc7 )56. gxh4 Qd4 $2 (56... Kc7 57. h5 Qc1 58. Qc2+ Qxc2 59. Bxc2 e4 60. Bxe4 Kd8 )57. h5 Qf4 $2 {[%emt 0:0:32] [#]} (57... Qd5+ $18 58. Qf3 e4 59. Qxe4 (59. Bxe4 Qg5+ 60. Qg4 Kc7 $18 )Qxe4+ 60. Bxe4 f5 )58. Qc2 $1 Bc5 59. Qxc5 Qxf5 60. Qc6 Qg5+ 1-0

[Event "57th Biel Festival MTO 2024"]
[White "Chinguun,Sumiya"]
[Black "Xiao,Tong"]
[Site "Biel"]
[Round "6.10"]
[Annotator "TA"]
[Result "0-1"]
[Date "2024.07.20"]
[WhiteElo "2348"]
[BlackElo "2518"]
[PlyCount "110"]
[TimeControl "60"]

1. e4 c5 2. Nf3 d6 3. d4 cxd4 4. Nxd4 Nf6 5. Nc3 Nc6 6. Bg5 Bd7 7. Be2 a6 {[%emt 0:11:37] B60: Sicilian: Richter-Rauzer: Unusual Black 6th moves and 6...Bd7 without 7 Qd2.} 8. Nxc6 $146 ({Predecessor:} 8. O-O e6 9. Nb3 Be7 10. Qd2 O-O 11. Rad1 Rc8 12. Bxf6 gxf6 13. f4 Kh8 14. Bh5 Na5 15. f5 Nc4 16. Qh6 Qb6+ {0-1 Lagno,K (2546)-Vokhidov,S (2529) Titled Tuesday intern op 15st Dec blitz 2020 (4)} )Bxc6 9. Bxf6 gxf6 10. O-O Bg7 11. Bd3 h5 12. Nd5 e6 13. Re1 f5 (13... exd5 $2 14. exd5+ Kf8 15. dxc6 bxc6 16. Qf3 $16 )14. Qf3 Be5 (14... exd5 $2 {is the wrong capture.} 15. exd5+ Kf8 16. dxc6 bxc6 17. c3 $18 (17. Bxf5 Bxb2 18. Rad1 Qf6 $18 ))15. Nb4 f4 (15... Bxb2 16. Nxc6 bxc6 17. Rab1 $16 )16. Nxc6 bxc6 17. c3 Qb6 18. Rab1 Ke7 19. Be2 a5 20. a4 Qc5 21. Rec1 Rab8 22. Qd3 h4 23. h3 ({Much worse is} 23. b4 Qa7 $15 )Rhg8 24. b4 Qa7 25. b5 cxb5 26. Rxb5 Rxb5 27. Qxb5 Rb8 28. Qd3 Qc5 29. Qc4 Qxc4 30. Bxc4 Rb2 31. Kf1 Kd8 32. Ke1 Ke7 (32... Bh8 $17 33. Kf1 Ke7 )33. Be2 (33. Kf1 $1 $11 {was the only way to keep the balance.} )Ra2 $17 34. Bd1 {[%emt 0:1:16] [#]} (34. Bb5 $17 )Ra3 $1 $19 35. c4 (35. Rb1 $17 {was called for.} )Bd4 $19 36. Ke2 Kf6 37. Rb1 Ra2+ 38. Kd3 Bc5 39. Bc2 Bb4 40. f3 Ke5 41. Rd1 Ra3+ 42. Ke2 Re3+ 43. Kf1 Rc3 44. Bd3 Ra3 45. Bc2 Ra2 46. Bb3 Rb2 47. Rd3 Bc5 48. Bd1 Rf2+ 49. Ke1 Rxg2 50. Be2 Rh2 51. Bf1 Ra2 52. Be2 Rxa4 53. Rd1 Ra2 54. Rb1 a4 55. Bd1 Rh2 0-1

[Event "57th Biel Festival MTO 2024"]
[White "Balabayeva,Xeniya"]
[Black "Macovei,Andrei"]
[Site "Biel"]
[Round "6.11"]
[Annotator "TA"]
[Result "1/2-1/2"]
[Date "2024.07.20"]
[WhiteElo "2246"]
[BlackElo "2479"]
[PlyCount "103"]
[TimeControl "60"]

1. d4 Nf6 2. Nf3 e6 3. Bf4 b6 4. Nbd2 Bb7 5. h3 g6 6. e3 Bg7 7. Bd3 O-O 8. e4 Nc6 9. c3 d6 10. Qe2 Nd7 11. O-O a5 12. Qe3 e5 13. dxe5 (13. Bg5 $14 {is more appropriate.} f6 14. Bh4 )Ncxe5 $11 14. Nxe5 Nxe5 15. Bxe5 dxe5 16. Bc4 a4 17. Rad1 Qe7 18. a3 Rfd8 19. Nf3 Bf6 20. g3 Kg7 (20... Rxd1 {simplifies} 21. Rxd1 Rd8 22. Rxd8+ Qxd8 23. Qe2 Kg7 )21. h4 h6 22. Nh2 Rxd1 23. Rxd1 Rd8 24. Rxd8 Qxd8 25. Qe2 {[%emt 0:0:29] Wards off Qd1+} Qa8 26. Bd3 h5 27. Nf3 Bc6 28. Kf1 Kf8 29. Ng5 Kg7 30. Nf3 Qa5 31. Bc4 Qc5 32. Qd3 Be7 33. Ng5 Be8 (33... b5 $5 34. Ba2 $8 Be8 $11 )34. Qd5 Qxd5 35. Bxd5 $15 {[%emt 0:0:2][%mdl 4096] Endgame. KBB-KBN} Bc5 36. Bc4 Kf8 37. Ke2 Ke7 38. f4 f6 39. Ne6 Bd6 {[%emt 0:2:49] The position is equal.} 40. f5 $1 gxf5 41. exf5 e4 42. Nf4 Bd7 43. Nd5+ Kd8 {[%emt 0:6:24] aiming for ...b5.} 44. Nxf6 Bxf5 {[%emt 0:0:5] White must now prevent ...Be5.} 45. Kf2 (45. Nxh5 $2 {too greedy.} Bg4+ 46. Ke3 Bxh5 $19 )Bc5+ 46. Ke1 Be3 47. Kd1 {[%emt 0:1:24] Dodges Bc1} ({Of course not} 47. Nxh5 Bc1 48. Bb5 (48. Ng7 Bg4 $15 )Bxb2 49. Bxa4 Bxc3+ 50. Kf2 Bd4+ 51. Ke1 Bg4 $15 )Bf2 48. Nxh5 Bg4+ 49. Be2 Bxh5 50. Bxh5 Bxg3 51. Bg6 Bxh4 52. Bxe4 {[%emt 0:0:7] Weighted Error Value: White=0.08 (flawless) /Black=0.06 (flawless) .  Mistake:       	White=1     	---        Inaccurate:     	White=2     	Black=2      OK:         	White=17    	Black=21     Best:        	White=1     	Black=1      Strong:       	White=1     	---} 1/2-1/2

[Event "57th Biel Festival MTO 2024"]
[White "Assaubayeva,Bibisara"]
[Black "Haimovich,Tal"]
[Site "Biel"]
[Round "6.12"]
[Annotator "TA"]
[Result "1-0"]
[Date "2024.07.20"]
[WhiteElo "2472"]
[BlackElo "2330"]
[PlyCount "51"]
[TimeControl "60"]

1. c4 Nf6 2. Nf3 c6 3. g3 d5 4. Bg2 Bg4 5. Ne5 Bf5 6. cxd5 cxd5 7. Nc3 e6 8. g4 Bg6 9. h4 $1 {[%emt 0:1:4] h5 would now be deadly. White is more active.} Bd6 {[%emt 0:2:19] [#]} (9... h6 $16 )10. d4 $1 $18 h6 11. Nxg6 fxg6 {[%emt 0:0:3] White is clearly better.} 12. Qd3 Kf7 {[%emt 0:0:21] [#]} (12... Nc6 {might work better.} 13. g5 (13. Qxg6+ Kf8 $18 )O-O 14. gxf6 Qxf6 )13. g5 $1 hxg5 14. hxg5 Rxh1+ 15. Bxh1 Nh7 16. Nxd5 {[%emt 0:5:41] aiming for Nf4.} Nxg5 $2 (16... Nd7 {is a better defense.} 17. Qe3 Nhf8 )17. Nc3 (17. Nf4 $142 Bxf4 18. Bxf4 )Nc6 (17... Nd7 $142 18. Bd2 (18. Bxb7 Rb8 $18 )Nh7 )18. Qb5 {[%emt 0:7:22][%csl LRb7,LRc6,LRg5] White is clearly winning.} Nxd4 19. Qxb7+ ({Worse is} 19. Qxg5 Nc2+ 20. Kd1 Be7+ 21. Qd2 Nxa1 $17 )Be7 20. Bxg5 {[%emt 0:0:15][%cal Oa1d1] And now Rd1! would win.} Rb8 21. Qxe7+ Qxe7 22. Bxe7 {[%emt 0:0:4] A strong pair of Bishops.} Nc2+ (22... Rxb2 $142 23. Be4 Kxe7 )23. Kd2 Nxa1 24. Ba3 g5 25. Kc1 Rh8 26. Be4 {[%emt 0:0:20] Black did not feel at home in the position after the opening.   Weighted Error Value: White=0.72/Black=1.15.  Mistake:       	White=1     	Black=4      Inaccurate:     	---       	Black=1      OK:         	White=5     	Black=3      Best:        	White=1     	---        Strong:       	White=1     	---} 1-0

[Event "57th Biel Festival MTO 2024"]
[White "Ansat,Aldiyar"]
[Black "Ayush Sharma"]
[Site "Biel"]
[Round "6.13"]
[Annotator "ChessBase"]
[Result "1/2-1/2"]
[Date "2024.07.20"]
[WhiteElo "2437"]
[BlackElo "2325"]
[PlyCount "134"]
[TimeControl "60"]

1. e4 c5 2. Nf3 d6 3. Bb5+ Bd7 4. Bxd7+ Nxd7 5. O-O Ngf6 6. Qe2 e6 7. c3 Be7 8. d4 O-O 9. Nbd2 Rc8 10. e5 Ne8 11. Ne4 cxd4 12. cxd4 dxe5 13. dxe5 Nc7 14. Bd2 Nd5 15. Rac1 Rxc1 16. Rxc1 Qb8 17. Nc3 Nb4 18. a3 Nc6 19. Bf4 Rd8 20. Bg3 Nc5 21. Nb5 Nd3 22. Rf1 Rd5 23. Nc3 Rd7 24. b4 Qd8 25. Ne4 a5 26. b5 Na7 27. Nd6 Nc5 28. Nd2 Bxd6 29. exd6 b6 30. Nc4 Nxb5 31. Qb2 Na7 32. Qxb6 Qxb6 33. Nxb6 Rb7 34. Nc4 Nc6 35. Rc1 f6 36. Kf1 Nd7 37. f4 Kf7 38. Be1 Rb5 39. a4 Rd5 40. Na3 Ndb8 41. Nb5 Rf5 42. Bd2 g5 43. Na7 Rd5 44. Nxc6 Nxc6 45. Rxc6 Rxd2 46. Rc7+ Kg6 47. fxg5 Rxd6 48. Ra7 fxg5 49. Rxa5 Rd2 50. Ra8 Ra2 51. a5 Kf5 52. a6 Ke4 53. a7 Ke3 54. g3 e5 55. Re8 Rxa7 56. Rxe5+ Kf3 57. Rf5+ Kg4 58. Rf6 h5 59. Kg2 Ra2+ 60. Rf2 Rxf2+ 61. Kxf2 Kh3 62. Kg1 h4 63. gxh4 Kxh4 64. Kg2 g4 65. Kg1 Kh3 66. Kh1 g3 67. hxg3 Kxg3 1/2-1/2